AoeStats
← Minerva

Arena

505994757Analyzed
1v1 RM · 21d ago on Sep 12, 2026· 84m 29s· 2 players
Game mode
Random Map
Map size
Tiny (2 player)
Population
200
Speed
Normal
Resources
Standard
Victory
Conquest
Starting age
Dark Age
Ending age
Imperial Age
RankedLock teamsTeams togetherTeam positionsShared explorationLock speedFull tech treeHidden civsTurbo modeCheats
Victory
Defeat
🇨🇦 Gurjaras · Canada
648
+14
🇬🇧 Franks · United Kingdom
606
-14
Gameking3000309
13:16 Feudal Age
17:51 Castle Age
16:43 Double-Bit Axe
18:59 Bow Saw
19:28 Wheelbarrow
23:52 Hand Cart
31:20 Imperial Age
30:19 Fletching
31:23 Gold Mining
31:43 Bodkin Arrow
31:55 Scale Barding Armor
35:19 Murder Holes
34:59 Heavy Cavalry Archer
38:13 Padded Archer Armor
39:00 Ballistics
39:41 Chemistry
41:07 Block Printing
41:57 Leather Archer Armor
41:11 Light Cavalry
42:55 Conscription
53:04 Siege Engineers
64:01 Cavalier
64:54 Forging
65:07 Chain Barding Armor
68:08 Chivalry
68:50 Plate Barding Armor
70:11 Iron Casting
73:06 Arrowslits
74:29 Blast Furnace
76:17 Husbandry
77:34 Onager
80:32 Paladin
81:37 Loom
81:38 Town Watch
Minerva
9:58 Feudal Age
10:36 Double-Bit Axe
13:41 Gold Mining
19:59 Castle Age
18:42 Stone Mining
21:35 Stone Shaft Mining
22:37 Horse Collar
25:23 Bow Saw
28:41 Bloodlines
29:04 Heavy Plow
29:52 Kshatriyas
32:43 Husbandry
34:28 Thumb Ring
36:31 Fletching
36:44 Padded Archer Armor
40:28 Wheelbarrow
39:39 Town Watch
41:48 Bodkin Arrow
42:01 Scale Barding Armor
42:53 Hand Cart
45:11 Imperial Age
43:04 Hand Cart
43:40 Chain Barding Armor
43:34 Forging
46:05 Leather Archer Armor
45:43 Elite Elephant Archer
50:43 Ballistics
51:24 Chemistry
51:50 Frontier Guards
51:40 Loom
52:33 Crop Rotation
52:25 Masonry
57:31 Elite Shrivamsha Rider
58:22 Heavy Camel Rider
58:40 Elite Skirmisher
70:09 Architecture
71:45 Bracer
78:47 Iron Casting
83:07 Plate Barding Armor
Connection lost

Rejoining the realm…

Still unreachable

The connection could not be restored.

Session expired

The server has moved on; the page needs a fresh start.